 Dungeon Crawl Stone Soup version 0.30-a0-568-g124715a40b (webtiles) character file.

Game seed: 4633947320139919540

17120 arthad the Geomancer (level 12, 0/68 HPs)
             Began as a Gargoyle Earth Elementalist on Dec 28, 2022.
             Was an Elder of Vehumet.
             Slain by a two-headed ogre
             ... wielding a +0 giant club
              (12 damage)
             ... on level 11 of the Dungeon on Dec 29, 2022.
             The game lasted 00:39:38 (11534 turns).

arthad the Geomancer (Gargoyle Earth Elementalist) Turns: 11534, Time: 00:39:38

Health: 0/68       AC: 16    Str: 12    XL:     12   Next: 44%
Magic:  19/23      EV: 13    Int: 21    God:    Vehumet [****..]
Gold:   906        SH:  0    Dex: 10    Spells: 4/26 levels left

rFire   + + .      SeeInvis .    E - staff of conjuration
rCold   + . .      Faith    .    (no shield)
rNeg    + . .      Spirit   .    U - +1 robe {rC+ rF+}
rPois   ∞          Reflect  .    (no helmet)
rElec   +          Harm     .    O - +0 cloak
rCorr   .          Rampage  .    L - +0 pair of gloves
Will    .....                    r - +1 pair of boots
Stlth   ++++                     Q - amulet of magic regeneration
HPRegen 0.31/turn                s - ring of protection from fire
MPRegen 0.58/turn                (no ring)

@: no status effects
A: sickness immunity, AC +8, negative energy resistance 1, electricity
resistance, torment resistance 1, petrification resistance
a: Renounce Religion


You were on level 11 of the Dungeon.
You worshipped Vehumet.
Vehumet was greatly pleased with you.
You visited 2 branches of the dungeon, and saw 12 of its levels.
You also visited: Sewer and Bailey.

You collected 906 gold pieces.

Inventory:

Hand Weapons
 g - a +2 dagger of freezing
 I - a +5 halberd
 T - a +4 scimitar of flaming
 V - a +0 bardiche
 W - the +5 short sword "Fiazalug" {pain, Str+2}
   (You found it in a bailey)

   In the hands of one skilled in necromantic magic, it inflicts extra damage on
   living creatures.
   Str:       It affects your strength (+2).
Missiles
 l - 44 poisoned darts
 J - 4 curare-tipped darts
Armour
 a - a +0 kite shield
 r - a +1 pair of boots (worn)
 x - the +0 ring mail of the Battered Eyes {rPois rF- Regen+ SInv}
   (You found it on level 8 of the Dungeon)

   rF:        It makes you vulnerable to fire.
   rPois:     It protects you from poison.
   SInv:      It lets you see invisible.
   Regen:     It increases your rate of health regeneration.
 L - a +0 pair of gloves (worn)
 O - a +0 cloak (worn)
 U - a +1 robe of resistance (worn)
 Z - a +1 robe of positive energy
Magical Staves
 o - a staff of fire
 E - a staff of conjuration (weapon)
 K - a staff of cold
Jewellery
 q - an amulet of the acrobat
 s - a ring of protection from fire (left hand)
 Q - an amulet of magic regeneration (around neck)
 S - the amulet "Teaxi" {Reflect rF- Will+ Dex+2 Slay+3 SH+5}
   (You took it off a deep elf pyromancer in a bailey)

   [amulet of reflection]

   It reflects blocked missile attacks.
   Dex:       It affects your dexterity (+2).
   Slay:      It affects your accuracy & damage with ranged weapons and melee
   (+3).
   rF:        It makes you vulnerable to fire.
   SH:        It affects your SH (+5).
   Will:      It increases your willpower.
 Y - an amulet of guardian spirit
Wands
 t - a wand of flame (37)
 w - a wand of digging (6)
 B - a wand of light (5)
 R - a wand of roots (7)
Scrolls
 d - a scroll of summoning
 i - 5 scrolls of fear
 j - a scroll of vulnerability
 m - 2 scrolls of enchant weapon
 u - 2 scrolls of teleportation
 y - a scroll of blinking
 z - a scroll of magic mapping
 C - a scroll of brand weapon
 G - a scroll of amnesia
 H - 5 scrolls of fog
 N - a scroll of enchant armour
 P - a scroll of poison
Potions
 b - a potion of magic
 c - 2 potions of resistance
 e - a potion of invisibility
 f - 4 potions of curing
 h - a potion of ambrosia
 k - 4 potions of mutation
 n - a potion of lignification
 p - 3 potions of brilliance
 v - 2 potions of might
 A - 3 potions of haste
 F - 4 potions of flight
 M - 2 potions of attraction
Miscellaneous
 D - a tin of tremorstones (2/2)
 X - a phantom mirror


   Skills:
 + Level 5.0 Fighting
 + Level 4.0 Armour
 + Level 4.8 Dodging
 * Level 9.7 Stealth
 * Level 7.5 Spellcasting
 * Level 8.3 Conjurations
 + Level 2.0 Necromancy
 + Level 1.4 Translocations
 * Level 6.1 Transmutations
 + Level 1.2 Air Magic
 * Level 10.0 Earth Magic
 + Level 4.4 Evocations


You had 4 spell levels left.
You knew the following spells:

 Your Spells              Type           Power      Damage    Failure   Level
a - Sandblast             Erth           100%       2d20      1%          1
b - Stone Arrow           Conj/Erth      100%       3d13      1%          3
c - Freeze                Ice            28%        1d5       2%          1
d - Lee's Rapid Deconstr  Erth           25%        3d14*     1%          5
e - Petrify               Tmut/Erth      42%        N/A       3%          4
f - Iskenderun's Mystic   Conj/Tloc      42%        2d10      3%          4
g - Dispel Undead         Necr           16%        3d10      34%         4

Your spell library contained the following spells:

 Spells                   Type           Power      Damage    Failure   Level
 Flame Wave               Conj/Fire      38%        2d10      4%          4
 Kiss of Death            Conj/Necr      100%       2d13      1%          1
 Passwall                 Tmut/Erth      35%        N/A       1%          2
 Necrotise                Necr           64%        1d7       3%          1
 Kindle Blastsparks       Fire/Tloc/Air  22%        2d11      4%          3
 Fulminant Prism          Conj/Hex       19%        3d10      4%          4
 Vampiric Draining        Necr           16%        2d7       11%         3
 Ensorcelled Hibernation  Hex/Ice        14%        N/A       13%         2
 Gell's Gravitas          Tloc           14%        N/A       14%         3
 Lesser Beckoning         Tloc           28%        N/A       14%         3
 Teleport Other           Tloc           14%        N/A       14%         3
 Swiftness                Air            13%        N/A       16%         3
 Portal Projectile        Hex/Tloc       20%        N/A       19%         3
 Confusing Touch          Hex            7%         N/A       26%         3
 Tukima's Dance           Hex            7%         N/A       26%         3
 Cause Fear               Hex            3%         N/A       63%         4
 Blade Hands              Tmut           16%        N/A       19%         5
 Agony                    Necr           16%        N/A       69%         5
 Dragon Form              Tmut           16%        N/A       99%         7
 Dragon's Call            Summ           3%         N/A       100%        9


Dungeon Overview and Level Annotations

Branches:
Dungeon (11/15)            Temple (1/1) D:5            Lair (0/5) D:9
  Sewer (visited)          Bailey (visited)
    Orc: D:9-12

Altars:
Ashenzari
Cheibriados
Dithmenos
Elyvilon
Fedhas
Gozag
Hepliaklqana
Kikubaaqudgha
Makhleb
Nemelex Xobeh
Okawaru
Qazlal
Ru
Sif Muna
Trog
Uskayaw
Vehumet
Wu Jian
Xom
Yredelemnul
Zin
The Shining One

Shops:
D:2 (   D:9 ?

Annotations:
D:4 3 runed translucent doors, IdlyInterested's ghost, novice DsGl; ryw's ghost, novice MfSu
D:9 1 runed translucent door


Innate Abilities, Weirdness & Mutations

You are immune to sickness and miasma.
Your stone body is resilient. (AC +8)
You are immune to poison.
You resist negative energy. (rN+)
You are resistant to electric shocks. (rElec)
You are resistant to unholy torment.
You are immune to petrification.


Message History

The blast of sand hits the hornet!!
The hornet is severely wounded.
The hornet misses you. The hornet stings you.
Casting: Sandblast (safe; 1% risk of failure)
Confirm with . or Enter, or press ? or * to list all spells.
Aiming: Sandblast (safe; 1% risk of failure)
Press: ? - help, Shift-Dir - straight line, f/p - two-headed ogre
Aim: a two-headed ogre, wielding a +0 giant club and a +0 giant spiked club (93% to hit)
The blast of sand hits the hornet!
The hornet is almost dead.
The hornet barely misses you. The hornet stings you.
Casting: Sandblast (safe; 1% risk of failure)
Confirm with . or Enter, or press ? or * to list all spells.
Aiming: Sandblast (safe; 1% risk of failure)
Press: ? - help, Shift-Dir - straight line, f/p - two-headed ogre
Aim: a two-headed ogre, wielding a +0 giant club and a +0 giant spiked club (93% to hit)
The blast of sand hits the hornet.
You kill the hornet!
Vehumet accepts your kill.
You feel your power returning.
Casting: Sandblast (safe; 1% risk of failure)
Confirm with . or Enter, or press ? or * to list all spells.
Aiming: Sandblast (safe; 1% risk of failure)
Press: ? - help, Shift-Dir - straight line, f/p - two-headed ogre
Aim: a two-headed ogre, wielding a +0 giant club and a +0 giant spiked club (93% to hit)
The blast of sand hits the two-headed ogre!!
The two-headed ogre is moderately wounded.
The two-headed ogre closely misses you.
The two-headed ogre hits you but does no damage.
Casting: Sandblast (safe; 1% risk of failure)
Confirm with . or Enter, or press ? or * to list all spells.
Aiming: Sandblast (safe; 1% risk of failure)
Press: ? - help, Shift-Dir - straight line, f/p - two-headed ogre
Aim: a two-headed ogre, wielding a +0 giant club and a +0 giant spiked club (moderately wounded, 93% to hit)
The blast of sand hits the two-headed ogre!
The two-headed ogre is heavily wounded.
The two-headed ogre hits you with a +0 giant club!!
* * * LOW HITPOINT WARNING * * *
The two-headed ogre hits you with a +0 giant spiked club!
You die...

###......#.........#
##..#....#.#######.#
##.####..# #.#
##.##....# #)#
......##.# #.#
##.#####.# #.#
##.#####.# #.#
...<.....#[#######.#
.........#....†O@..#
##.###.#.#####.#####
#.....#.# #.
####....# .. #.....#
.y# #.....# ...
###...#..## #...##.
#...#


You could see a two-headed ogre.

Vanquished Creatures
  An ogre mage (D:10)
  Erica (D:8)
  A tengu warrior (D:10)
  2 two-headed ogres (D:10)
  Nergalle (D:10)
  Sonja (D:10)
  Pikel (D:9)
  2 deep elf pyromancers
  An orc knight (Bailey)
  2 cyclopes (D:11)
  Joseph (D:9)
  A kobold demonologist (D:10)
  Psyche (D:9)
  3 trolls
  2 hornets (D:11)
  5 wraiths
  5 yaks (D:8)
  5 shadows
  A wyvern (D:10)
  2 fire bats (D:9)
  5 vampire mosquitoes
  Menkaure (D:7)
  2 swamp worms (D:9)
  Duvessa (D:7)
  4 water moccasins
  7 orc warriors
  An ice beast (D:6)
  A black bear (D:7)
  2 ogres
  4 centaurs
  3 phantoms
  6 kobold brigands
  4 lemures (D:9)
  6 bullfrogs
  A gnoll sergeant (D:11)
  2 necrophages
  3 scorpions
  4 wights (D:5)
  Dowan (D:7)
  6 killer bees (D:9)
  5 howler monkeys
  5 jellies
  5 orc priests
  3 hounds
  3 iguanas
  Ijyb (D:3)
  5 orc wizards
  Natasha (thrice) (D:2)
  11 adders
  26 gnolls
  A river rat (Sewer)
  2 shadow imps
  3 white imps
  A worm (D:2)
  2 dart slugs
  41 orcs
  7 endoplasms
  4 giant cockroaches
  15 goblins
  9 hobgoblins
  8 jackals
  17 kobolds
  6 quokkas
  7 ball pythons
  10 bats
  6 frilled lizards
  9 rats
318 creatures vanquished.

Vanquished Creatures (others)
  4 plants (D:9)
4 creatures vanquished.

Grand Total: 322 creatures vanquished

Notes
Turn   | Place    | Note
-------+----------+-------------------------------------------
     0 | D:1      | arthad the Gargoyle Earth Elementalist began the quest for
                  | the Orb.
     0 | D:1      | Reached XP level 1. HP: 10/10 MP: 3/3
    54 | D:1      | Noticed a black mamba
    54 | D:1      | Noticed a snapping turtle
    54 | D:1      | Noticed a polar bear
    55 | D:1      | Noticed a killer bee
    55 | D:1      | Noticed a lindwurm
   111 | D:1      | Reached XP level 2. HP: 15/15 MP: 3/5
   345 | D:1      | Reached skill level 1 in Transmutations
   354 | D:1      | Reached skill level 1 in Conjurations
   456 | D:1      | Reached XP level 3. HP: 19/19 MP: 3/6
   817 | D:1      | Found a faded altar of an unknown god.
  1052 | D:2      | Reached skill level 4 in Earth Magic
  1100 | D:2      | Noticed Natasha
  1110 | D:2      | Killed Natasha
  1111 | D:2      | Reached XP level 4. HP: 20/24 MP: 0/7
  1227 | D:2      | Found Atofitej's Weapon Emporium.
  1350 | D:2      | Noticed Natasha
  1352 | D:2      | Reached XP level 5. HP: 28/28 MP: 7/9
  1355 | D:2      | Killed Natasha
  1493 | D:2      | Noticed Natasha
  1501 | D:2      | Killed Natasha
  1789 | D:2      | Learned a level 3 spell: Stone Arrow
  1841 | D:3      | Reached XP level 6. HP: 29/32 MP: 7/10
  2315 | D:3      | Reached skill level 5 in Earth Magic
  2319 | D:3      | Noticed Ijyb
  2341 | D:3      | Killed Ijyb
  2652 | D:3      | Reached XP level 7. HP: 36/36 MP: 9/12
  3623 | D:4      | Found a runed translucent gate.
  3626 | D:4      | Found a runed translucent gate.
  3628 | D:4      | Found a runed translucent gate.
  3629 | D:4      | Noticed IdlyInterested's ghost (novice DsGl)
  3629 | D:4      | Noticed ryw's ghost (novice MfSu)
  3789 | D:5      | Entered Level 5 of the Dungeon
  3986 | D:5      | Reached skill level 1 in Fighting
  3986 | D:5      | Reached skill level 5 in Stealth
  3986 | D:5      | Reached XP level 8. HP: 43/43 MP: 7/14
  4104 | D:5      | Reached skill level 1 in Evocations
  4254 | D:5      | Reached skill level 6 in Earth Magic
  4636 | D:5      | Found a staircase to the Ecumenical Temple.
  4774 | Temple   | Entered the Ecumenical Temple
  4793 | Temple   | Became a worshipper of Vehumet
  5061 | D:6      | Found a glowing drain.
  5094 | Sewer    | Entered a sewer
  5331 | Sewer    | Found a white marble altar of Elyvilon.
  5426 | D:6      | Reached XP level 9. HP: 48/48 MP: 11/15
  5562 | D:6      | Reached skill level 5 in Conjurations
  5564 | D:6      | Reached * piety under Vehumet
  5564 | D:6      | Offered knowledge of Freeze by Vehumet.
  5567 | D:6      | Learned a level 1 spell: Freeze
  5672 | D:6      | Found a glowing golden altar of the Shining One.
  5723 | D:6      | Found a shadowy altar of Dithmenos.
  5821 | D:6      | Reached skill level 5 in Spellcasting
  6002 | D:6      | Reached skill level 7 in Earth Magic
  6788 | D:7      | Noticed Menkaure
  6798 | D:7      | Killed Menkaure
  6799 | D:7      | Noticed a deep elf pyromancer
  6805 | D:7      | Killed a deep elf pyromancer
  6806 | D:7      | Reached skill level 1 in Armour
  6806 | D:7      | Reached XP level 10. HP: 45/56 MP: 1/18
  6947 | D:7      | Learned a level 5 spell: Lee's Rapid Deconstruction
  6952 | D:7      | Learned a level 4 spell: Petrify
  6957 | D:7      | Learned a level 4 spell: Iskenderun's Mystic Blast
  7028 | D:7      | Noticed Duvessa
  7029 | D:7      | Noticed Dowan
  7032 | D:7      | Killed Duvessa
  7036 | D:7      | Reached ** piety under Vehumet
  7037 | D:7      | Killed Dowan
  7169 | D:7      | Offered knowledge of Scorch by Vehumet.
  7570 | D:8      | Identified the +0 ring mail of the Battered Eyes {rPois rF-
                  | Regen+ SInv}
  7668 | D:8      | Reached skill level 8 in Earth Magic
  7956 | D:8      | Found a sacrificial altar of Ru.
  7956 | D:8      | Found a bloodstained altar of Trog.
  8283 | D:8      | Noticed Erica
  8296 | D:8      | Killed Erica
  8382 | D:9      | Found Wikua's Magic Scroll Emporium.
  8432 | D:9      | Found a radiant altar of Vehumet.
  8440 | D:9      | Found a sparkling altar of Nemelex Xobeh.
  8446 | D:9      | Found a runed translucent door.
  8446 | D:9      | Noticed a flayed ghost
  8587 | D:9      | Found a burning altar of Makhleb.
  8588 | D:9      | Offered knowledge of Dazzling Flash by Vehumet.
  8591 | D:9      | Reached skill level 5 in Transmutations
  8630 | D:9      | Found a hazy altar of Hepliaklqana.
  8639 | D:9      | Reached XP level 11. HP: 54/61 MP: 20/20
  8800 | D:9      | Found a glowing golden altar of the Shining One.
  8831 | D:9      | Found a glowing silver altar of Zin.
  8845 | D:9      | Reached *** piety under Vehumet
  8893 | D:9      | Learned a level 4 spell: Dispel Undead
  8930 | D:10     | Entered Level 10 of the Dungeon
  8968 | D:10     | Noticed a tengu warrior
  8976 | D:10     | Killed a tengu warrior
  9017 | D:10     | Found a flagged portal.
  9021 | D:10     | Reached skill level 9 in Earth Magic
  9033 | Bailey   | Entered a bailey
  9122 | Bailey   | Noticed an orc knight
  9131 | Bailey   | Killed an orc knight
  9136 | Bailey   | Found a large runed translucent door.
  9136 | Bailey   | Found a large runed translucent door.
  9138 | Bailey   | Identified the amulet "Teaxi" {Reflect rF- Will+ Dex+2
                  | Slay+3 SH+5}
  9138 | Bailey   | Noticed a deep elf pyromancer
  9298 | Bailey   | Killed a deep elf pyromancer
  9298 | Bailey   | Offered knowledge of Airstrike by Vehumet.
  9308 | Bailey   | Identified the +5 short sword "Fiazalug" {pain, Str+2}
  9635 | D:10     | Noticed Sonja
  9640 | D:10     | Killed Sonja
  9716 | D:10     | Noticed a two-headed ogre
  9716 | D:10     | Noticed a two-headed ogre
  9740 | D:10     | Killed a two-headed ogre
  9741 | D:10     | Reached skill level 1 in Necromancy
  9854 | D:9      | Found a staircase to the Lair.
  9878 | D:9      | Noticed Psyche
  9882 | D:9      | Killed Psyche
  9947 | D:9      | Found a hazy altar of Hepliaklqana.
 10079 | D:9      | Noticed Pikel
 10088 | D:9      | Noticed Joseph
 10093 | D:9      | Killed Pikel
 10111 | D:9      | Killed Joseph
 10111 | D:9      | Reached **** piety under Vehumet
 10531 | D:10     | Noticed Nergalle
 10549 | D:10     | Killed Nergalle
 10550 | D:10     | Reached XP level 12. HP: 25/67 MP: 3/22
 10814 | D:10     | Noticed an ogre mage
 10822 | D:10     | Killed an ogre mage
 11063 | D:10     | Killed a two-headed ogre
 11064 | D:10     | Reached skill level 1 in Translocations
 11171 | D:10     | Offered knowledge of Flame Wave by Vehumet.
 11343 | D:11     | Reached skill level 1 in Air Magic
 11514 | D:11     | Reached skill level 5 in Fighting
 11524 | D:11     | Reached skill level 10 in Earth Magic
 11524 | D:11     | Noticed a two-headed ogre
 11534 | D:11     | Slain by a two-headed ogre

Illustrated notes

Levels and vault maps discovered:
D:1:      onia_arrival_zoo_common, layout_basic,
          dreamdust_ecumenical_altar_hidden_monk_grotto, minmay_3d_cube
D:2:      layout_rooms, serial_shops, shop_fountains, uniq_natasha
D:3:      layout_basic, uniq_ijyb
D:4:      layout_cave_pools, serial_glass, glass_columns_c, glass_columns_c,
          glass_columns_b, glass_columns_a, glass_columns_c,
          gammafunk_ghost_cemetery, eino_small_chamber_without_monster
D:5:      layout_basic, minmay_temple_entry_proselytizer
D:6:      layout_loops_corners, grunt_temple_overflow_open,
          gup_sewer_entry_glass, minmay_misc_feat_rows
D:7:      layout_rooms, minivault_11, minmay_microvault, uniq_duvessa,
          uniq_menkaure
D:8:      layout_cave_pods, jmf_multi_god_temple, uniq_erica
D:9:      due_megacathedral, layout_rooms, mainiacjoe_overflow_surrounded_room,
          serial_shops, nicolae_stop_n_shop_1, worms_lemuel, uniq_pikel,
          uniq_joseph, uniq_psyche
D:10:     minmay_opposing_rooms, layout_stronghold, enter_bailey_5,
          hangedman_decor_diamond_cutter, minivault_22, uniq_nergalle,
          uniq_sonja
D:11:     minmay_the_grid_3x2 [minmay_the_grid_outer_diamond,
          minmay_the_grid_odd_star, minmay_the_grid_tiny_cups,
          minmay_the_grid_square_x, minmay_the_grid_armoury,
          minmay_the_grid_prize_big_room], layout_rooms,
          kennysheep_orc_monster_closet_entryway
Temple:   sentei_temple_godly_chess

Skill      XL: |  1  2  3  4  5  6  7  8  9 10 11 12 |
---------------+-------------------------------------+-----
Transmutations | 1 2 3 4 5 6 |  6.1
Conjurations   | 1 2 3 4 5 6 8 |  8.3
Earth Magic    | 4 5 6 7 8 9 10 | 10.0
Stealth        | 3 4 5 6 7 8 9 |  9.7
Dodging        | 2 3 4 |  4.8
Spellcasting   | 3 4 5 6 7 |  7.5
Fighting       | 1 2 3 4 5 |  5.0
Evocations     | 1 2 3 4 |  4.4
Armour         | 1 2 3 4 |  4.0
Necromancy     | 1 2 |  2.0
Translocations | 1 |  1.4
Air Magic      | 1 |  1.2

Action                   |  1- 3 |  4- 6 |  7- 9 | 10-12 || total
-------------------------+-------+-------+-------+-------++-------
Melee: Unarmed           |     8 |       |       |       ||     8
       Dagger            |     3 |       |       |       ||     3
       Staff             |       |     5 |     3 |     3 ||    11
       Punch             |       |       |     1 |       ||     1
Throw: Dart              |       |     1 |       |       ||     1
 Cast: Sandblast         |    46 |   106 |   220 |   179 ||   551
       Stone Arrow       |       |       |     8 |   120 ||   128
       Lee's Rapid Decon |       |       |       |    10 ||    10
       Petrify           |       |       |       |     2 ||     2
Evoke: Wand              |       |     4 |     5 |     4 ||    13
  Use: Potion            |       |     2 |       |     5 ||     7
       Scroll            |       |       |     4 |    22 ||    26
Armor: Robe              |     7 |    18 |    55 |    90 ||   170
Dodge: Dodged            |    12 |    56 |    91 |   157 ||   316

Table legend: (Time is in decaauts)
 A = Elapsed time spent in this place.
 B = Non-inter-level travel time spent in this place.
 C = Inter-level travel time spent in this place.
 D = Time resting spent in this place.
 E = Time spent auto-exploring this place.
 F = Levels seen in this place.
 G = Mean time per level.
                   A        B        C        D        E       F      G
               +--------+--------+--------+--------+--------+-----+--------+
         Total |  11842 |  11510 |    332 |   1462 |   7614 |  14 |  845.9 |
       Dungeon |  11166 |  10842 |    324 |   1372 |   7274 |  11 | 1015.1 |
        Temple |     27 |     20 |      7 |      0 |      0 |   1 |   27.0 |
         Sewer |    315 |    315 |      0 |     71 |    184 |   1 |  315.0 |
        Bailey |    332 |    332 |      0 |     19 |    155 |   1 |  332.0 |
               +--------+--------+--------+--------+--------+-----+--------+

Top non-repeatable levels by time:
     D:6: 1326 daAuts
    D:10: 1273 daAuts
     D:9: 1253 daAuts
     D:3: 1240 daAuts
     D:5: 1228 daAuts
     D:8: 1091 daAuts
     D:1: 1049 daAuts
     D:2: 870 daAuts
     D:4: 735 daAuts
     D:7: 727 daAuts
    D:11: 369 daAuts
  Bailey: 332 daAuts
   Sewer: 315 daAuts
  Temple: 27 daAuts
